 Dungeon Crawl Stone Soup version 0.31-a0-161-gb58dd9be76 (webtiles) character file.

Game seed: 13485409597064885466

18 qw the Shooter (level 2, 0/26 HPs)
             Began as a Naga Hunter on June 12, 2023.
             Slain by a gnoll
             ... wielding a +0 club
              (6 damage)
             ... on level 1 of the Dungeon.
             The game lasted 00:00:12 (818 turns).

qw the Shooter (Naga Hunter)                         Turns: 818, Time: 00:00:12

Health: 0/26       AC:  2    Str: 13    XL:     2   Next: 70%
Magic:  2/2        EV:  9    Int:  9    God:
Gold:   83         SH:  0    Dex: 20    Spells: 1/1 levels left

rFire   . . .        Y - +0 shortbow
rCold   . . .        (shield currently unavailable)
rNeg    . . .        c - +0 leather armour
rPois   +            (no helmet)
rElec   .            (no cloak)
rCorr   .            (no gloves)
SInv    +            (no barding)
Will    .....        (no amulet)
Stlth   ++           g - +6 ring of dexterity
HPRegen 0.24/turn    (no ring)
MPRegen 0.08/turn

%: no passive effects
@: short of breath, very slow
A: AC +0, large, see invisible, deformed body, poison resistance, slowness 2,
spit poison 1, naga tail 1
a: Spit Poison


You were on level 1 of the Dungeon.
You visited 1 branch of the dungeon, and saw 2 of its levels.

You collected 83 gold pieces.


Innate Abilities, Weirdness & Mutations

Your serpentine skin is tough. (AC +0)
You have supernaturally acute eyesight. (SInv)
Armour fits poorly on your strangely shaped body.
Your system is resistant to poisons. (rPois)
You cover ground very slowly.
You can spit poison.
You have a snake-like lower body.


   Skills:
 - Level 2.0 Fighting
 + Level 4.3 Ranged Weapons
 - Level 1.5 Dodging
 - Level 1.5 Stealth


You had one spell level left.
You didn't know any spells.
Your spell library was empty.

Inventory:

Hand Weapons
 Y - a +0 shortbow (weapon)
Armour
 c - a +0 leather armour (worn)
Jewellery
 g - a +6 ring of dexterity (left hand)
Scrolls
 a - a scroll of identify
Potions
 e - a potion of heal wounds

Dungeon Overview and Level Annotations

Branches:
Dungeon (2/15)

Altars:

Shops:
D:1 :


Message History

The gnoll shouts!
You hear a shout!
You shoot an arrow. The arrow hits the dart slug!
The dart slug is almost dead.
The dart slug launches a dart at you. The slug dart hits you.
797 ||| STAIRDANCE The endoplasm quivers.
The dart slug launches a dart at you. The slug dart misses you.
You climb upwards.
There is a stone staircase leading down here.
You start resting.
You have got your breath back.
HP restored.
Partly explored, can't reach some places.
(D) Dungeon
Where to? (* - list waypoints, Enter - D:2, ? - help)
What level of the Dungeon? (default 1, ? - help)
You climb downwards.
The endoplasm freezes you.
You are frozen.
The gnoll barely misses you.
There is a stone staircase leading up here.
815 ||| STAIRDANCE The endoplasm freezes you.
You are frozen.
The gnoll hits you with a +0 club! The ball python barely misses you.
You climb upwards.
There is a stone staircase leading down here.
817 ||| INVOKING Spit Poison.
Aiming: Spit Poison (2% risk of failure)
Press: ? - help, Shift-Dir - straight line, f - gnoll The splash of poison hits the gnoll.
The gnoll is heavily wounded.
The endoplasm freezes you.
You are frozen.
The gnoll closely misses you.
You shoot an arrow. The arrow barely misses the gnoll.
The endoplasm freezes you.
You are frozen.
The gnoll barely misses you. The endoplasm barely misses you.
The gnoll hits you with a +0 club.
You die...

#.#..............#
#.#.##############
####.#.# #......#
#......######
####...........#
####.....#####.#
####.....#####g#
####.....#####@#
####.....#####J#
####..¤¤¤#####.#
####.¤¤¤¤#####.#
####.¤¤¤¤#####.#
#######¤######.#
#######¤######.#
#######.######.#
#######.######.#


You could see a gnoll and an endoplasm.

Vanquished Creatures
  A dart slug (D:1)
  A giant cockroach (D:1)
  2 goblins (D:1)
  3 hobgoblins (D:1)
  4 kobolds (D:1)
  2 ball pythons (D:1)
  2 bats (D:1)
  2 frilled lizards
17 creatures vanquished.

Notes
Turn   | Place    | Note
-------+----------+-------------------------------------------
     0 | D:1      | qw the Naga Hunter began the quest for the Orb.
     0 | D:1      | Reached XP level 1. HP: 19/19 MP: 1/1
     0 | D:1      | 0 ||| qw: Version: 0.2-a-29-gc1b59c4
     0 | D:1      | 0 ||| qw: Game counter: 4211
     0 | D:1      | 0 ||| qw: Always use a shield: true
     0 | D:1      | 0 ||| qw: God list: Okawaru
     0 | D:1      | 0 ||| qw: Allow faded altars: false
     0 | D:1      | 0 ||| qw: Do Orc after D:15 true
     0 | D:1      | 0 ||| qw: Do second Lair branch before Depths: true
     0 | D:1      | 0 ||| qw: Lair rune preference: random
     0 | D:1      | 0 ||| qw: Plans: Normal
     0 | D:1      | 0 ||| PLANNING D:1-11
    33 | D:1      | 33 ||| INVOKING Spit Poison.
    42 | D:1      | 42 ||| INVOKING Spit Poison.
    72 | D:1      | 72 ||| INVOKING Spit Poison.
    77 | D:1      | 77 ||| INVOKING Spit Poison.
    85 | D:1      | Found Nuane's Book Shop.
    90 | D:1      | 90 ||| INVOKING Spit Poison.
    96 | D:1      | 96 ||| INVOKING Spit Poison.
    97 | D:1      | Reached skill level 4 in Ranged Weapons
    97 | D:1      | Reached XP level 2. HP: 12/26 MP: 2/2
   159 | D:1      | 159 ||| INVOKING Spit Poison.
   208 | D:1      | 208 ||| INVOKING Spit Poison.
   212 | D:1      | 212 ||| INVOKING Spit Poison.
   517 | D:1      | 517 ||| INVOKING Spit Poison.
   773 | D:1      | 773 ||| UPGRADING to +6 ring of dexterity.
   774 | D:1      | 774 ||| READING 3 scrolls labelled PUPHAYCING.
   775 | D:1      | 775 ||| READING scroll labelled WORUVE EMU.
   776 | D:1      | 776 ||| READING scroll labelled XARAWI MIEMIOR.
   777 | D:1      | 777 ||| READING 2 scrolls of identify.
   777 | D:1      | 777 ||| IDENTIFYING white potion
   778 | D:1      | 778 ||| DROPPING scroll of butterflies.
   795 | D:2      | 795 ||| INVOKING Spit Poison.
   797 | D:2      | 797 ||| STAIRDANCE
   815 | D:2      | 815 ||| STAIRDANCE
   817 | D:1      | 817 ||| INVOKING Spit Poison.
   818 | D:1      | HP: 6/26 [frozen (1)]
   818 | D:1      | Slain by a gnoll

Levels and vault maps discovered:
D:1:      saegor_arrival_simple_d, layout_basic, serial_shops, shop
D:2:      layout_loops_ring, serial_shops, nicolae_shop_waterfront,
          nicolae_shop_hallway_plus, chequers_serial_rivers_small_b,
          nicolae_shop_vocational

Skill      XL: |  1 |
---------------+----+-----
Ranged Weapons | 4 |  4.3
Fighting       | |  2.0
Dodging        | |  1.5
Stealth        | |  1.5

Action                     || total
---------------------------++-------
   Fire: Shortbow          ||    24
Ability: Spit Poison       ||    12
    Use: Scroll            ||     4
 Armour: Leather armour    ||     1
  Dodge: Dodged            ||    11

Table legend:
 A = Non-vault XP
 B = Vault XP
 C = Vault XP percentage of total XP
 D = Non-vault monster count
 E = Vault monster count
 F = Vault count percentage of total count
                 A         B        C        D         E       F
            +---------+---------+-------+---------+---------+-------
      Total |      27 |       0 |   0.0 |      17 |       0 |   0.0
            +---------+---------+-------+---------+---------+-------
        D:1 |      26 |       0 |   0.0 |      16 |       0 |   0.0
        D:2 |       1 |       0 |   0.0 |       1 |       0 |   0.0
            +---------+---------+-------+---------+---------+-------
